 Dungeon Crawl Stone Soup version 0.24.0-37-gcf1ca852f1 (webtiles) character file.

Game seed: 10559831283179621364, levelgen mode: deterministic

27 Cryoshakespeare the Changer (level 3, -4/33 HPs)
             Began as an Ogre Transmuter on Dec 2, 2019.
             Slain by Sigmund
             ... wielding a +0 scythe
              (14 damage)
             ... on level 1 of the Dungeon.
             The game lasted 00:01:32 (1481 turns).

Cryoshakespeare the Changer (Ogre Transmuter)       Turns: 1481, Time: 00:01:32

Health: -4/33      AC:  2    Str: 15    XL:     3   Next: 10%
Magic:  3/6        EV: 19    Int: 14    God:
Gold:   58         SH:  0    Dex: 14    Spells: 2/6 levels left

rFire    . . .     SeeInvis .     - Unarmed
rCold    . . .     Gourm    .   (shield currently unavailable)
rNeg     . . .     Faith    .   (armour currently unavailable)
rPois    x         Spirit   .   (helmet currently unavailable)
rElec    .         Reflect  .   (cloak currently unavailable)
rCorr    .         Harm     .   (gloves unavailable)
MR       .....                  (boots unavailable)
Stlth    +.........             (no amulet)
HPRegen  0.11/turn              (no ring)
MPRegen  0.10/turn              (no ring)

@: spider-form (expiring)
A: tiny, unfitting armour
a: End Transformation


You were on level 1 of the Dungeon.
You were near starving.
You were a venomous arachnid creature.
You visited 1 branch of the dungeon, and saw 2 of its levels.

You collected 58 gold pieces.

Inventory:

Missiles
 a - 12 arrows
 h - a throwing net (quivered)
Armour
 b - a +0 robe (melded)
Jewellery
 c - a +4 ring of dexterity {unknown}
Scrolls
 e - a scroll of noise {unknown}
 j - a scroll of identify {unknown}
 k - a scroll of magic mapping {unknown}
 l - 3 scrolls of teleportation {unknown}
 m - a scroll of amnesia {unknown}
Potions
 f - a potion of flight {unknown}
 g - a potion of heal wounds {unknown}
 i - a potion of mutation {unknown}
Comestibles
 d - 3 rations


   Skills:
 - Level 1.3 Fighting
 - Level 1.7 Dodging
 - Level 2.6 Unarmed Combat
 - Level 2.4 Spellcasting
 + Level 3.1 Transmutations
 + Level 0.2 Poison Magic


You had 2 spell levels left.
You knew the following spells:

 Your Spells              Type           Power        Failure   Level  Hunger
a - Beastly Appendage     Tmut           ##....       17%         1    #......
b - Spider Form           Tmut/Pois      #.........   56%         3    ###....

Your spell library contained the following spells:

 Spells                   Type           Power        Failure   Level  Hunger
 Sticks to Snakes         Tmut           ##......     24%         2    ###....
 Ice Form                 Ice/Tmut       #.......     89%         4    #####..
 Blade Hands              Tmut           ##........   96%         5    ######.


Dungeon Overview and Level Annotations

Branches:
Dungeon (2/15)

Altars:

Annotations:
D:1 Sigmund


Innate Abilities, Weirdness & Mutations

You are too large for most types of armour.
((You have tough skin. (AC +1)))


Message History

You hit Sigmund.
Sigmund looks as sick as possible!
Sigmund is lightly wounded.
You closely miss Sigmund.
Sigmund is moderately wounded.
Sigmund completely misses you.
You hit Sigmund.
Sigmund looks as sick as possible!
Sigmund is heavily wounded.
Sigmund hits you with a +0 scythe!
* * * LOW HITPOINT WARNING * * *
You hit Sigmund.
Sigmund looks as sick as possible!
Sigmund is heavily wounded.
Unknown command.
You hit Sigmund.
Sigmund is severely wounded.
Sigmund misses you.
Okay, then.
You closely miss Sigmund.
Sigmund is severely wounded.
Sigmund hits you with a +0 scythe!
You die...

#.#####.# ########### #.......#
#.......... ###########
#.......... #.........######
#..........
########.###...########..........
##...........#.#.#.#.##..........
...#####.####.........#..........
##.....#)# ##.......##..........
######.#.####...s@....#..รท.......
#............#.......##..........
#.####.#.####.........#..........
.....#.#.#####.......##..........
.....#.#..............#..........
.....#.#####.#.#.#.#.##..........
.....#.#####.#.##................
.............#.##################
.....#..#....#.#


You could see Sigmund.

Vanquished Creatures
  2 dart slugs (D:1)
  A leopard gecko (D:1)
  3 bats (D:1)
  A giant cockroach (D:1)
  2 goblins (D:1)
  4 hobgoblins (D:1)
  3 jackals (D:1)
  A frilled lizard (D:1)
  2 rats (D:1)
19 creatures vanquished.

Notes
Turn   | Place    | Note
-------+----------+-------------------------------------------
     0 | D:1      | Cryoshakespeare the Ogre Transmuter began the quest for the
                  | Orb.
     0 | D:1      | Reached XP level 1. HP: 19/19 MP: 3/3
    35 | D:1      | Reached skill level 2 in Transmutations
   296 | D:1      | Reached XP level 2. HP: 25/27 MP: 5/5
   725 | D:1      | Reached skill level 3 in Transmutations
   992 | D:1      | Reached XP level 3. HP: 32/33 MP: 6/6
   997 | D:1      | Learned a level 3 spell: Spider Form
  1471 | D:2      | Noticed Sigmund
  1481 | D:1      | Slain by Sigmund

Levels and vault maps discovered:
D:1:      matt_arrival_diagonals, layout_basic, st_stairs_4, interstate_on_off
D:2:      layout_rooms, lightli_temple_of_fire, first_ration, uniq_sigmund,
          uniq_crazy_yiuf_cottage

Skill      XL: |  1  2 |
---------------+-------+-----
Transmutations | 2 3 |  3.1
Fighting       | |  1.3
Dodging        | |  1.7
Unarmed Combat | |  2.6
Spellcasting   | |  2.4
Poison Magic   | |  0.2

Action                   || total
-------------------------++-------
Melee: Unarmed           ||   100
       Headbutt          ||     2
       Punch             ||     2
 Cast: Beastly Appendage ||     1
       Spider Form       ||     1
Armor: Robe              ||    23
Dodge: Dodged            ||    49
